 Dungeon Crawl Stone Soup version 0.14.2-1-g46dc7f8a84 (webtiles) character file.

4339 Hugehornet the Covert (level 10, -4/46 HPs)
             Began as a Vine Stalker Artificer on May 14, 2020.
             Was an Initiate of Nemelex Xobeh.
             Slain by a kobold
             ... wielding a +2,+1 whip
              (5 damage)
             ... on Level 9 of the Dungeon.
             The game lasted 00:29:20 (6826 turns).

Hugehornet the Covert (Vine Stalker Artificer)      Turns: 6826, Time: 00:29:22

HP  -4/46        AC  8     Str 14      XL: 10   Next: 23%
MP   0/7         EV 10     Int 14      God: Nemelex Xobeh [......]
Gold 345         SH  9     Dex 18      Spells:  0 memorised,  9 levels left

rFire  + . .     SeeInvis .     j - +11,+6 dagger "Zaub" {antimagic, Int+2}
rCold  . . .     Clarity  .     F - +0 leather armour {MR+}
rNeg   . . .     Conserve .     k - +0 buckler
rPois  .         rCorr    .     (no helmet)
rElec  .         rRot     +     (no cloak)
SustAb . .       Spirit   +     (no gloves)
rMut   .         Warding  .     N - +0 pair of boots
Saprov . . .     Stasis   .     C - amulet of faith
MR     ++...                    o - +4 ring of protection
                                H - ring of protection from fire

@: drained, very resistant to hostile enchantments, extremely stealthy
A: fangs 3, regeneration 2, magic shield, antimagic bite, no device heal
a: Renounce Religion


You were on level 9 of the Dungeon.
You worshipped Nemelex Xobeh.
Nemelex Xobeh was noncommittal.
You were starving.

You visited 2 branches of the dungeon, and saw 10 of its levels.
You also visited: Ossuary.

You collected 345 gold pieces.

Inventory:

Hand weapons
 a - a +0,+0 short sword
 j - the +11,+6 dagger "Zaub" (weapon) {antimagic, Int+2}
   (You took it off an orc wizard on level 6 of the Dungeon)

   It disrupts the flow of magical energy around spellcasters and certain
   magical creatures (including the wielder).
   It affects your intelligence (+2).
 A - a +2,+1 dagger of venom
 M - a +0,+2 dagger of venom
 R - a +1,+0 dagger of freezing
Armour
 e - a +0 leather armour
 k - a +0 buckler (worn)
 B - a +0 robe
 F - a +0 leather armour of magic resistance (worn)
 N - a +0 pair of boots (worn)
Magical devices
 c - a wand of enslavement (10)
 d - a wand of random effects (3)
 t - a wand of slowing (5)
 u - a wand of frost (8)
 z - a wand of flame (12)
 D - a wand of hasting (4)
 V - a wand of fire (8)
Scrolls
 i - a scroll of recharging {unknown}
 m - 3 scrolls of teleportation
 s - a scroll of fear
 y - 2 scrolls of random uselessness {unknown}
 E - a scroll of enchant armour {unknown}
 G - 4 scrolls of remove curse
Jewellery
 l - a +3 ring of strength
 o - a +4 ring of protection (right hand)
 C - an amulet of faith (around neck)
 H - a ring of protection from fire (left hand)
 K - an uncursed ring of wizardry
Potions
 g - 4 potions of curing
 q - a potion of might {unknown}
 r - a potion of restore abilities
 w - a potion of mutation {unknown}
Books
 J - a book of the Earth

   Spells                             Type                      Level
   Leda's Liquefaction                Hexes/Earth                  4
   Bolt of Magma                      Conjuration/Fire/Earth       5
   Statue Form                        Transmutation/Earth          6
   Iron Shot                          Conjuration/Earth            6
   Shatter                            Earth                        9
Miscellaneous
 f - a plain deck of escape {drawn: 1}


   Skills:
 + Level 2.0(1.5) Fighting
 * Level 6.6(6.1) Short Blades
 + Level 2.2(1.7) Dodging
 * Level 12.8(12.2) Stealth
 + Level 1.3(0.8) Shields
 + Level 7.1(6.6) Evocations


You had 9 spell levels left.
You didn't know any spells.

Dungeon Overview and Level Annotations

Branches:
Dungeon (9/15)             Temple (1/1) D:6
    Orc: D:9-12        Lair: D:8-11

Altars:
Cheibriados
Dithmenos
Elyvilon
Fedhas
Makhleb
Nemelex Xobeh
Sif Muna
Trog
Vehumet
Xom
Yredelemnul

Shops:
D:8 :

Portals:
Bailey: D:8


Innate Abilities, Weirdness & Mutations

You are immune to rotting.
You have razor-sharp teeth.
You heal very quickly.
When hurt, damage is shared between your health and your magic reserves.
Your bite disrupts and absorbs the magic of your enemies.
Potions and wands cannot restore your HP.


Message History

The troll misses you. The troll barely misses you.
The troll claws you but does no damage. The kobold hits you but does no damage.
The kobold barely misses you.
You hit the troll but do no damage.
The troll is severely wounded.
The troll bites you!
* * * LOW HITPOINT WARNING * * *
The troll barely misses you. The troll claws you but does no damage.
You hit the troll but do no damage.
The troll is heavily wounded.
The kobold completely misses you. The kobold hits you but does no damage.
You hit the troll. You bite the troll, but do no damage.
The troll is severely wounded.
The troll bites you!
* * * LOW HITPOINT WARNING * * *
The troll closely misses you. The troll claws you!
* * * LOW HITPOINT WARNING * * *
The phantom misses you. The kobold hits you with a whip.
You die...
Your body disappears without a glow.

... ##.......
#.........
.##..........
...............
#..............
...............
#....KK....#
#...)@T....#
#..<##(.p...##
( ###....#
....... .....##
....## ....#
.... #


You could see a troll, a phantom and 2 kobolds.

Vanquished Creatures
  4 guardian mummies (Ossuary)
  Prince Ribbit (D:4)
  A griffon skeleton (D:7)
  A hill giant zombie (D:8)
  Menkaure (D:5)
  The ghost of Hugehornet the Charlatan, an average KoAr (D:4)
  3 phantoms
  An ice beast (D:6)
  8 ogres
  A centaur (D:5)
  3 giant frogs
  3 scorpions (D:4)
  3 wights
  A killer bee (D:7)
  2 crimson imps
  3 orc priests
  A hound (D:6)
  A centaur skeleton (D:3)
  2 iguanas (D:4)
  4 orc wizards
  Natasha (D:5)
  Terence (D:2)
  17 adders
  2 shadow imps (D:6)
  A giant mite (D:6)
  An inept feature mimic (Ossuary)
  2 worms
  2 adder skeletons
  An adder zombie (Ossuary)
  3 giant geckos
  19 orcs
  4 ball pythons (D:2)
  A bat skeleton (D:5)
  4 giant cockroaches
  16 hobgoblins
  A jackal (D:4)
  14 kobolds
  An ooze (D:3)
  2 quokkas (D:3)
  2 ball python skeletons (Ossuary)
  13 bats
  5 giant newts
  8 goblins
  4 hobgoblin skeletons
  A hobgoblin zombie (D:6)
  A kobold skeleton (D:4)
  A kobold zombie (Ossuary)
  An orc skeleton (Ossuary)
  A quokka zombie (D:8)
  13 rats
188 creatures vanquished.

Vanquished Creatures (collateral kills)
  A worker ant (D:4)
1 creature vanquished.

Grand Total: 189 creatures vanquished

Notes
Turn   | Place    | Note
--------------------------------------------------------------
     0 | D:1      | Hugehornet, the Vine Stalker Artificer, began the quest for the Orb.
     0 | D:1      | Reached XP level 1. HP: 9/9 MP: 1/1
     7 | D:1      | Reached skill level 1 in Short Blades
     8 | D:1      | Noticed a hound
     8 | D:1      | Noticed a grizzly bear
     8 | D:1      | Noticed an iguana
     8 | D:1      | Noticed an anaconda
   144 | D:1      | Reached XP level 2. HP: 10/14 MP: 3/3
   735 | D:2      | Noticed Terence
   749 | D:2      | Killed Terence
   749 | D:2      | Reached skill level 3 in Stealth
   749 | D:2      | Reached XP level 3. HP: 7/17 MP: 1/5
  1015 | D:2      | Reached XP level 4. HP: 21/21 MP: 7/7
  1063 | D:2      | Reached skill level 4 in Stealth
  1475 | D:2      | Reached XP level 5. HP: 20/25 MP: 7/9
  1681 | D:3      | Found a burning altar of Makhleb.
  2026 | D:3      | Reached skill level 5 in Stealth
  2780 | D:4      | Gained mutation: You heal very quickly. [vine stalker growth]
  2780 | D:4      | Reached XP level 6. HP: 18/29 MP: 9/11
  2858 | D:4      | Noticed an ogre
  2863 | D:4      | Noticed an ogre
  2887 | D:4      | Killed an ogre
  2887 | D:4      | Reached skill level 6 in Stealth
  2914 | D:4      | Killed an ogre
  2930 | D:4      | Reached XP level 7. HP: 29/32 MP: 9/13
  2983 | D:4      | Noticed Prince Ribbit
  3005 | D:4      | Killed Prince Ribbit
  3005 | D:4      | Reached skill level 7 in Stealth
  3212 | D:4      | Noticed Hugehornet's ghost (average KoAr)
  3259 | D:4      | Noticed a phantom
  3274 | D:4      | Noticed a phantom
  3279 | D:4      | Killed a phantom
  3279 | D:4      | Reached skill level 8 in Stealth
  3344 | D:4      | Killed Hugehornet's ghost
  3344 | D:4      | Gained mutation: You have razor-sharp teeth. [vine stalker growth]
  3344 | D:4      | Reached XP level 8. HP: 32/37 MP: 15/17
  3421 | D:4      | Noticed a phantom
  3483 | D:4      | Killed a phantom
  3699 | D:4      | Reached skill level 9 in Stealth
  3699 | D:4      | Reached skill level 5 in Evocations
  3718 | D:4      | Noticed an ogre
  3720 | D:4      | Killed an ogre
  3908 | D:5      | Entered Level 5 of the Dungeon
  3915 | D:5      | Noticed Menkaure
  3926 | D:5      | Killed Menkaure
  4123 | D:5      | Found a deep blue altar of Sif Muna.
  4198 | D:5      | Reached skill level 10 in Stealth
  4213 | D:5      | Found a snail-covered altar of Cheibriados.
  4246 | D:5      | Noticed Natasha
  4255 | D:5      | Killed Natasha
  4520 | D:5      | Reached skill level 5 in Short Blades
  4695 | D:6      | Found a shimmering altar of Xom.
  4780 | D:6      | Reached XP level 9. HP: 40/40 MP: 19/19
  5121 | D:6      | Reached skill level 11 in Stealth
  5412 | D:6      | Found a staircase to the Ecumenical Temple.
  5422 | Temple   | Entered the Ecumenical Temple
  5448 | Temple   | Became a worshipper of Nemelex Xobeh the Trickster
  5450 | Temple   | Received a gift from Nemelex Xobeh
  5665 | D:6      | Got a fine dagger {antimagic}
  5702 | D:6      | Identified the +11,+6 dagger "Zaub" {antimagic, Int+2} (You took it off an orc wizard on level 6 of the Dungeon)
  5888 | D:7      | Found a sand-covered staircase.
  5911 | Ossuary  | Entered an ossuary
  6002 | Ossuary  | Noticed a guardian mummy
  6043 | Ossuary  | Noticed a guardian mummy
  6045 | Ossuary  | Killed a guardian mummy
  6045 | Ossuary  | Reached skill level 12 in Stealth
  6057 | Ossuary  | Noticed a guardian mummy
  6058 | Ossuary  | Killed a guardian mummy
  6089 | Ossuary  | Noticed a guardian mummy
  6133 | Ossuary  | Killed a guardian mummy
  6133 | Ossuary  | Reached skill level 1 in Fighting
  6199 | Ossuary  | Noticed a guardian mummy
  6200 | Ossuary  | Killed a guardian mummy
  6200 | Ossuary  | Reached skill level 1 in Shields
  6200 | Ossuary  | Reached XP level 10. HP: 46/46 MP: 7/21
  6516 | D:8      | Found Yraic's Book Shoppe.
  6569 | D:8      | Found a flagged portal.
  6826 | D:9      | HP: 1/46 [troll (7)]
  6826 | D:9      | Slain by a kobold

Action                   |  1- 3 |  4- 6 |  7- 9 | 10-12 || total
-------------------------+-------+-------+-------+-------++-------
Melee: Short sword       |    67 |    75 |       |       ||   142
       Dagger            |       |    99 |   293 |    58 ||   450
Evoke: Wand              |     8 |    14 |    27 |       ||    49
       Deck              |       |       |     1 |       ||     1
  Use: Potion            |     1 |       |     2 |     1 ||     4
       Scroll            |       |     4 |    16 |       ||    20
 Stab: Sleeping          |     4 |     5 |    38 |     3 ||    50
